Map: Alcyone LE

Players

commandeR - Winner!

  • Race: Protoss Protoss
  • League: Diamond
  • Spawn Location: 7:00

电脑难度(新手)

  • Race: Zerg Zerg
  • Spawn Location: 1:00

VOD

Have the link to the VOD?

Description

Time

  • Played on: Sept. 29, 2024, 3:30 a.m.
  • Length: 8:03
Show
View Real Time Build Order
Export as new Build Order

commandeR Protoss - Winner!

Build Orders: 1 Gate Expand, Oracle Opening, Zealot Archon 

Get SALT Encoding   

  12  0:01  Probe  
  13  0:13  Probe  
  14  0:21  Pylon  
  14  0:25  Probe  
  15  0:39  Probe (Chrono Boost)  
  15  0:40  Gateway  
  17  0:50  Assimilator  
  17  0:51  Probe (Chrono Boost)  
  17  0:56  Probe (Chrono Boost)  
  18  1:06  Probe  
  19  1:18  Probe  
  20  1:26  Nexus  
  20  1:36  Cybernetics Core  
  20  1:38  Probe  
  21  1:47  Assimilator  
  21  1:50  Probe  
  21  1:52  Pylon  
  22  2:02  Probe  
  23  2:10  Adept (Chrono Boost)  
  25  2:18  Probe  
  26  2:26  Stargate  
  26  2:31  Probe (Chrono Boost)  
  26  2:32  Adept (Chrono Boost)  
  29  2:39  Warp Gate  
  29  2:42  Probe x2 (Chrono Boost)  
  31  2:47  Gateway  
  31  2:50  Probe  
  32  2:53  Stalker (Chrono Boost)  
  32  2:56  Probe  
  35  3:02  Probe  
  36  3:08  Probe  
  37  3:13  Oracle (Chrono Boost)  
  40  3:20  Probe x2  
  40  3:23  Pylon  
  40  3:25  Assimilator  
  42  3:32  Probe x2  
  44  3:40  Oracle (Chrono Boost)  
  44  3:44  Probe x2  
  49  3:56  Probe  
  49  3:57  Probe  
  49  3:59  Robotics Facility  
  51  4:11  Probe  
  51  4:12  Probe  
  51  4:14  Pylon  
  51  4:16  Nexus  
  53  4:29  Pylon  
  53  4:35  Zealot x2  
  61  4:38  Void Ray  
  61  4:41  Twilight Council  
  61  4:46  Forge  
  61  4:51  Pylon  
  61  4:52  Immortal  
  65  5:00  Zealot x2  
  65  5:07  Protoss Ground Weapons Level 1 (Chrono Boost)  
  69  5:10  Pylon  
  69  5:14  Gateway x2  
  69  5:20  Gateway  
  69  5:24  Charge  
  69  5:30  Immortal (Chrono Boost)  
  73  5:52  Gateway  
  73  5:53  Gateway  
  73  5:55  Gateway  
  73  5:57  Gateway  
  73  5:58  Templar Archives  
  73  6:03  Warp Prism (Chrono Boost)  
  75  6:14  Zealot x2  
  79  6:21  Pylon  
  79  6:23  Pylon  
  79  6:32  Zealot x3  
  85  6:52  High Templar x2  
  85  6:53  Zealot x6  
  101  6:57  Archon  
  101  7:12  High Templar  
  101  7:13  High Templar  
  101  7:14  Zealot x5  
  115  7:19  Archon  
  115  7:29  Pylon  
  115  7:31  Pylon  
  115  7:32  Pylon  
  115  7:33  Pylon  
  115  7:44  High Templar  
  115  7:47  High Templar  
  115  7:48  Zealot x5  
  115  7:49  Zealot  
  115  7:50  Zealot  
  133  7:52  Archon  
Show
View Real Time Build Order
Export as new Build Order

电脑难度(新手) Zerg 

Build Orders: Pool Only 

Get SALT Encoding   

  12  0:01  Drone  
  13  0:13  Overlord  
  13  0:16  Drone  
  14  0:35  Spawning Pool  
  14  0:36  Extractor  
  14  0:40  Drone  
  13  0:47  Drone  
  14  0:52  Overlord  
  14  1:22  Zergling x2  
  14  1:23  Queen  
  17  1:31  Roach Warren  
  16  1:34  Drone  
  16  1:39  Extractor  
  16  1:43  Drone  
  17  1:49  Zergling x2  
  18  2:02  Drone  
  19  2:09  Drone  
  20  2:16  Zergling x2  
  20  2:17  Drone  
  22  2:28  Overlord  
  22  2:31  Drone  
  23  2:38  Drone  
  23  2:44  Roach  
  26  2:46  Drone  
  27  7:14  Drone  
  27  7:15  Roach, Overlord  
  30  7:22  Drone  
  25  7:29  Drone  
  25  7:36  Drone  
  20  7:42  Overlord  
  20  7:43  Drone  
  8  7:51  Drone  
Tags
 
Add a new tag
Caveats
  • Supply blocks, unpowered buildings, or Contaminate may cause inaccurate times.
  • Supply counts are checked every 10 seconds.